 Dungeon Crawl Stone Soup version 0.23.2-40-g277498a001 (webtiles) character file.

Game seed: 6644353058213744807

1074 OrcJesus the Magician (level 8, -7/38 (39) HPs)
             Began as a Spriggan Enchanter on Aug 29, 2019.
             Mangled by a gnoll
             ... wielding a +0 spear
              (11 damage)
             ... on level 6 of the Dungeon.
             The game lasted 00:29:48 (8484 turns).

OrcJesus the Magician (Spriggan Enchanter)          Turns: 8484, Time: 00:29:48

HP:   -7/38 (39)    AC:  2    Str:  9    XL:     8   Next: 7%
MP:   10/19         EV: 18    Int: 19    God:
Gold: 196           SH:  0    Dex: 16    Spells: 12/21 levels left

rFire    . . .     SeeInvis +   a - +2 dagger
rCold    . . .     Gourm    .   (shield restricted)
rNeg     . . .     Faith    .   b - +0 robe
rPois    +         Spirit   .   (helmet restricted)
rElec    .         Reflect  .   (no cloak)
rCorr    .         Harm     .   (gloves unavailable)
MR       +....                  (boots unavailable)
Stlth    +++.......             (no amulet)
HPRegen  0.12/turn              g - ring of poison resistance
MPRegen  0.16/turn              s - +5 ring of strength

@: very quick
A: very small, unfitting armour, see invisible, herbivore, speed 3, slow
metabolism 2
a: no special abilities


You were on level 6 of the Dungeon.
You were hungry.

You visited 1 branch of the dungeon, and saw 6 of its levels.
You also visited: Ossuary.

You collected 196 gold pieces.

Inventory:

Hand Weapons
 a - a +2 dagger (weapon)
Armour
 b - a +0 robe (worn)
Jewellery
 g - a ring of poison resistance (left hand)
 s - a +5 ring of strength (right hand)
Wands
 r - a wand of digging (5)
Scrolls
 c - a scroll of amnesia
 h - 4 scrolls of remove curse
 j - a scroll of noise
 l - a scroll of teleportation
 o - a scroll of blinking
 p - 2 scrolls of enchant armour
 x - a scroll of magic mapping {unknown}
Potions
 e - 4 potions of heal wounds
 f - a potion of mutation {unknown}
 i - a potion of lignification
 k - a potion of resistance
 m - 3 potions of haste
 n - 2 potions of curing
 q - a potion of might {unknown}
 t - a potion of berserk rage
 u - a potion of magic {unknown}
 v - a potion of agility {unknown}
 w - 2 potions of cancellation {unknown}
Comestibles
 d - 5 rations


   Skills:
 - Level 2.0 Fighting
 + Level 3.2 Short Blades
 - Level 3.0 Dodging
 + Level 6.4 Stealth
 - Level 7.0 Spellcasting
 - Level 6.1 Hexes
 - Level 3.2 Ice Magic


You had 12 spell levels left.
You knew the following spells:

 Your Spells              Type           Power        Failure   Level  Hunger
a - Ensorcelled Hibernat  Hex/Ice        ###...       2%          2    None
c - Confuse               Hex            ####....     2%          3    #......
z - Dazzling Spray        Conj/Hex       ###...       9%          3    #......
A - Corona                Hex            ####...      1%          1    None

Your spell library contained the following spells:

 Spells                   Type           Power        Failure   Level  Hunger
 Tukima's Dance           Hex            ####....     2%          3    #......


Dungeon Overview and Level Annotations

Branches:
Dungeon (6/15)
 Temple: D:4-7

Altars:
Ashenzari
Cheibriados
Elyvilon
Fedhas
Makhleb
Nemelex Xobeh
Okawaru
Qazlal
Trog
Uskayaw
Wu Jian
Xom
The Shining One


Innate Abilities, Weirdness & Mutations

You are very small and have problems with some larger weapons.
You are too small for most types of armour.
You have supernaturally acute eyesight. (SInv)
You are a herbivore.
You cover ground extremely quickly.
You need to consume almost no food.


Message History

The gnoll hits you but does no damage.
You are feeling hungry.
There is a stone staircase leading up here.
There is a stone staircase leading up here.
Casting: Ensorcelled Hibernation (safe; 2% risk of failure)
Confirm with . or Enter, or press ? or * to list all spells.
Aiming: Ensorcelled Hibernation (safe; 2% risk of failure)
Press: ? - help, Shift-Dir - straight line, f - gnoll
Aim: a gnoll, wielding a +0 flail (chance to defeat MR: 62%)
The gnoll looks drowsy...
The orc hits you but does no damage.
The helpless gnoll fails to defend itself.
You perforate the gnoll like a sieve!!!
You kill the gnoll!
The orc warrior throws a tomahawk.
The tomahawk hits you!!
Ouch! That really hurt!
* * * LOW HITPOINT WARNING * * *
The gnoll closely misses you. The orc misses you.
The orc warrior throws a tomahawk.
The tomahawk misses you.
The gnoll hits you from afar with a +0 spear!
You die...

#### ##.@##
###..)o##
###..#.go>#
#...###.#.#
##...##..##
.....#...##
......#...#
.###.....#
#..)...####


You could see an orc warrior, a gnoll and an orc.

Vanquished Creatures
  A phantom (D:5)
  A necrophage (D:5)
  An ogre (D:5)
  2 elf zombies (Ossuary)
  A bullfrog (D:3)
  A gnoll sergeant (D:5)
  2 crimson imps (D:5)
  A centaur zombie (Ossuary)
  A jelly (D:5)
  An orc priest (D:5)
  An iguana (D:5)
  2 orc wizards
  2 big kobold zombies (Ossuary)
  3 mummies
  6 gnolls
  6 adders
  An ooze (D:1)
  An adder skeleton (D:4)
  2 adder zombies (Ossuary)
  A worm (D:2)
  A dart slug (D:4)
  5 leopard geckos
  15 orcs
  4 bats
  4 giant cockroaches
  8 hobgoblins
  7 jackals (D:3)
  8 kobolds
  2 quokkas
  3 ball pythons
  7 frilled lizards
  11 goblins
  2 goblin zombies
  11 hobgoblin zombies (Ossuary)
  A jackal zombie (Ossuary)
  10 kobold zombies
  8 orc zombies (Ossuary)
  8 rats
152 creatures vanquished.

Vanquished Creatures (collateral kills)
  A gnoll (D:5)
1 creature vanquished.

Grand Total: 153 creatures vanquished

Notes
Turn   | Place    | Note
-------+----------+-------------------------------------------
     0 | D:1      | OrcJesus the Spriggan Enchanter began the quest for the
                  | Orb.
     0 | D:1      | Reached XP level 1. HP: 9/9 MP: 5/5
   100 | D:1      | Reached skill level 3 in Spellcasting
   260 | D:1      | Reached XP level 2. HP: 10/13 MP: 5/7
   264 | D:1      | Learned a level 2 spell: Ensorcelled Hibernation
   657 | D:1      | Reached skill level 4 in Spellcasting
  1333 | D:1      | Reached XP level 3. HP: 11/16 MP: 9/9
  1972 | D:2      | Reached skill level 5 in Spellcasting
  2161 | D:2      | Learned a level 3 spell: Confuse
  2165 | D:2      | Learned a level 3 spell: Dazzling Spray
  2927 | D:2      | Reached XP level 4. HP: 21/21 MP: 7/12
  3588 | D:3      | Noticed a bullfrog
  3601 | D:3      | Killed a bullfrog
  3601 | D:3      | Reached skill level 6 in Spellcasting
  3601 | D:3      | Reached XP level 5. HP: 23/24 MP: 6/15
  3904 | D:3      | Found a blossoming altar of Fedhas.
  4218 | D:3      | Reached skill level 1 in Ice Magic
  5769 | D:5      | Entered Level 5 of the Dungeon
  5833 | D:5      | Reached XP level 6. HP: 28/28 MP: 11/16
  6235 | D:5      | Found a sand-covered staircase.
  6257 | D:5      | Reached skill level 5 in Hexes
  6266 | Ossuary  | Entered an ossuary
  6890 | Ossuary  | Reached skill level 7 in Spellcasting
  7002 | Ossuary  | Reached XP level 7. HP: 16/32 MP: 4/18
  7613 | D:5      | Found a hide-covered altar of Uskayaw.
  7615 | D:5      | Found a snail-covered altar of Cheibriados.
  7619 | D:5      | Found a burning altar of Makhleb.
  7619 | D:5      | Found a glowing golden altar of the Shining One.
  7619 | D:5      | Found an iron altar of Okawaru.
  7619 | D:5      | Found a stormy altar of Qazlal.
  7619 | D:5      | Found a shimmering altar of Xom.
  7620 | D:5      | Found a white marble altar of Elyvilon.
  7621 | D:5      | Found a sparkling altar of Nemelex Xobeh.
  7622 | D:5      | Found a shattered altar of Ashenzari.
  7623 | D:5      | Found an ornate altar of the Wu Jian Council.
  7624 | D:5      | Found a bloodstained altar of Trog.
  7777 | D:5      | Reached skill level 5 in Stealth
  7859 | D:5      | Reached skill level 1 in Fighting
  8147 | D:5      | Reached XP level 8. HP: 38/38 MP: 15/19
  8484 | D:6      | Mangled by a gnoll

Skill      XL: |  1  2  3  4  5  6  7  8 |
---------------+-------------------------+-----
Spellcasting   | 3 4 5 6 7 |  7.0
Hexes          | 4 5 6 |  6.1
Ice Magic      | 1 2 3 |  3.2
Stealth        | 6 |  6.4
Fighting       | 1 2 |  2.0
Short Blades   | 2 3 |  3.2
Dodging        | |  3.0

Action                   |  1- 3 |  4- 6 |  7- 9 || total
-------------------------+-------+-------+-------++-------
Melee: Dagger            |   165 |   425 |    67 ||   657
 Cast: Ensorcelled Hiber |     9 |    19 |    30 ||    58
       Confuse           |       |    15 |     5 ||    20
  Use: Scroll            |       |     7 |     2 ||     9
       Potion            |       |     4 |       ||     4
 Stab: Sleeping          |    13 |    24 |    24 ||    61
       Distracted        |     2 |     2 |     1 ||     5
       Confused          |       |     6 |     4 ||    10
  Eat: Ration            |       |     2 |     1 ||     3
Armor: Robe              |    10 |    35 |     3 ||    48
Dodge: Dodged            |   117 |   358 |    42 ||   517
